 Dungeon Crawl Stone Soup version 0.23.2-1-ga50397a (webtiles) character file.

Game seed: 11509541771074026167

13 myga the Stinger (level 2, -2/15 HPs)
             Began as a Gargoyle Venom Mage on May 13, 2019.
             Slain by a scorpion (3 damage)
             ... on level 2 of the Dungeon.
             The game lasted 00:03:51 (559 turns).

myga the Stinger (Gargoyle Venom Mage)               Turns: 559, Time: 00:03:51

Health: -2/15      AC:  4    Str: 11    XL:     2   Next: 37%
Magic:  5/5        EV: 12    Int: 15    God:
Gold:   36         SH:  0    Dex: 10    Spells: 2/5 levels left

rFire    . . .     SeeInvis .   i - +0 mace
rCold    . . .     Gourm    .   (no shield)
rNeg     + . .     Faith    .   a - +0 robe
rPois    ∞         Spirit   .   (no helmet)
rElec    +         Reflect  .   (no cloak)
rCorr    .         Harm     .   (no gloves)
MR       .....                  (no boots)
Stlth    ++........             (no amulet)
HPRegen  0.05/turn              (no ring)
MPRegen  0.09/turn              (no ring)

@: no status effects
A: negative energy resistance 1, electricity resistance, unbreathing,
petrification resistance, rot immunity, AC +2
a: no special abilities


You were on level 2 of the Dungeon.
You were not hungry.

You visited 1 branch of the dungeon, and saw 2 of its levels.

You collected 36 gold pieces.

Inventory:

Hand Weapons
 i - a +0 mace (weapon)
Missiles
 j - 8 javelins (quivered)
Armour
 a - a +0 robe (worn)
Scrolls
 b - a scroll of magic mapping {unknown}
 e - a scroll of immolation {unknown}
 f - a scroll of remove curse {unknown}
 g - 3 scrolls of identify {unknown}
 h - a scroll of blinking {unknown}
Potions
 k - a potion of agility {unknown}
Comestibles
 c - 2 rations
 d - a chunk of flesh


   Skills:
 + Level 1.7 Dodging
 + Level 2.3 Stealth
 + Level 2.1 Spellcasting
 + Level 1.1 Conjurations
 + Level 3.4 Poison Magic


You had 2 spell levels left.
You knew the following spells:

 Your Spells              Type           Power        Failure   Level  Hunger
a - Sting                 Conj/Pois      #...         9%          1    #......
b - Poisonous Vapours     Pois/Air       #.....       17%         2    ###....

Your spell library contained the following spells:

 Spells                   Type           Power        Failure   Level  Hunger
 Mephitic Cloud           Conj/Pois/Air  #.......     34%         3    ###....
 Olgreb's Toxic Radiance  Pois           ##......     47%         4    #####..
 Venom Bolt               Conj/Pois      #.........   94%         5    ######.


Dungeon Overview and Level Annotations

Branches:
Dungeon (2/15)

Altars:


Innate Abilities, Weirdness & Mutations

You are resistant to torment.
Your stone body is resilient. (AC +2)
You are immune to poison.
You resist negative energy. (rN+)
You are resistant to electric shocks. (rElec)
You can survive without breathing.
You are immune to petrification.
You are immune to rotting.


Message History

The kobold hits you but does no damage.
You closely miss the kobold.
The kobold is severely wounded.
The kobold closely misses you. The kobold barely misses you.
You hit the kobold.
You kill the kobold!
The scorpion stings you but does no damage.
The dart slug barely misses you. The scorpion stings you.
* * * LOW HITPOINT WARNING * * *
The dart slug closely misses you. The scorpion barely misses you.
The scorpion stings you.
* * * LOW HITPOINT WARNING * * *
The dart slug bites you but does no damage.
The scorpion stings you.
* * * LOW HITPOINT WARNING * * *
The dart slug barely misses you. The scorpion stings you.
You die...

..#.....# ............##
......#................#
##.....#..<............#
.....#.................#
##.....................##
........................###.#
..............................
........#..............#......
........ .......@w............
####>###s.#..#.......
.........##.#.###...
.......%......# .##
.)........###w# # #########..#
.# #... . #### .


You could see a scorpion and a dart slug.

Vanquished Creatures
  2 bats
  2 giant cockroaches
  A goblin (D:1)
  A hobgoblin (D:1)
  2 kobolds
  4 frilled lizards
  A rat (D:2)
13 creatures vanquished.

Notes
Turn   | Place    | Note
-------+----------+-------------------------------------------
     0 | D:1      | myga the Gargoyle Venom Mage began the quest for the Orb.
     0 | D:1      | Reached XP level 1. HP: 10/10 MP: 3/3
   230 | D:1      | Reached XP level 2. HP: 11/15 MP: 5/5
   512 | D:2      | Learned a level 2 spell: Poisonous Vapours
   536 | D:2      | Noticed a scorpion
   559 | D:2      | Slain by a scorpion

Action                   || total
-------------------------++-------
Melee: Unarmed           ||    29
       Dagger            ||     5
       Mace              ||     9
 Cast: Sting             ||    10
 Stab: Sleeping          ||     1
Armor: Robe              ||    15
Dodge: Dodged            ||    35
